TOP OF THE 1ST |
Vancouver Canadians batting - Pitching for Idaho Falls Chukars : RHP Matt Slater
|
Pitching: RHP Matt Slater
|
|
Batting: RHB Kennet Strijbis
|
0-0: Ball 1-0: Called Strike 1-1: Bunt missed! 1-2: Strikes out looking
|
Batting: RHB Michel Martineau
|
0-0: Ball 1-0: Ball 2-0: Ball 3-0: Called Strike 3-1: Base on Balls
|
Batting: RHB Javier Garcia
|
0-0: Ball Michel Martineau is caught stealing 2nd base 2-4 1-0: Swinging Strike 1-1: Called Strike 1-2: Strikes out swinging
|
Top of the 1st over - 0 runs, 0 hits, 0 errors, 0 left on base; Vancouver 0 - Idaho Falls 0 |
BOTTOM OF THE 1ST |
Idaho Falls Chukars batting - Pitching for Vancouver Canadians : RHP Humberto Gutierrez
|
Pitching: RHP Humberto Gutierrez
|
|
Batting: SHB Ryoji Hiraoka
|
0-0: Ball 1-0: Ball 2-0: Called Strike 2-1: Ball 3-1: Foul Ball, location: 2F 3-2: SOLO HOME RUN (Flyball, 9D, EV 99.4 MPH), Distance : 393 ft
|
Batting: LHB David Bearden
|
0-0: Ball 1-0: Ball 2-0: Called Strike 2-1: Foul Ball, location: 2F 2-2: Ground out 3-1 (Groundball, 3L, EV 106.9 MPH)
|
Batting: RHB Ben Minge
|
0-0: Swinging Strike 0-1: Ball 1-1: Ball 2-1: Ground out 6-3 (Groundball, 6D, EV 77.5 MPH)
|
Batting: RHB Edwin Ramos
|
0-0: Called Strike 0-1: Ball 1-1: Ground out 5-3 (Groundball, 56S, EV 90.0 MPH)
|
Bottom of the 1st over - 1 run, 1 hit, 0 errors, 0 left on base; Vancouver 0 - Idaho Falls 1 |
TOP OF THE 2ND |
Vancouver Canadians batting - Pitching for Idaho Falls Chukars : RHP Matt Slater
|
Batting: LHB Tatsuyuki Yamada
|
0-0: Ball 1-0: Called Strike 1-1: Foul Ball, location: 2F 1-2: Ground out 1-3 (Groundball, 15S, EV 71.2 MPH)
|
Batting: RHB Lamberto Amicis
|
0-0: Ball 1-0: Foul Ball, location: 2F 1-1: Called Strike 1-2: Ball 2-2: DOUBLE (Line Drive, 7LS, EV 106.9 MPH)
|
Batting: SHB Scott Robbins
|
0-0: Called Strike Lamberto Amicis steals 3rd base 0-1: Ball 1-1: Ball 2-1: Ball 3-1: Foul Ball, location: 2F 3-2: Ground out U3 (Groundball, 34S, EV 86.2 MPH) Lamberto Amicis scores
|
Batting: SHB David Beauchamp
|
0-0: Ball 1-0: Ball 2-0: Ball 3-0: Called Strike 3-1: Swinging Strike 3-2: Foul Ball, location: 2F 3-2: Base on Balls
|
Batting: LHB Adam Santarelli
|
0-0: Called Strike David Beauchamp steals 2nd base 0-1: Foul Ball, location: 2F 0-2: Ball 1-2: Ball 2-2: Ball Wild Pitch! David Beauchamp to third 3-2: Foul Ball, location: 2F 3-2: Base on Balls
|
Pitching: RHP Bryan Kiefer
|
|
Pinch Hitting: LHB Cedric Saunders
|
0-0: Ball 1-0: Called Strike 1-1: Ball 2-1: Ball 3-1: Base on Balls Adam Santarelli to second
|
Pinch Hitting: LHB Roald Jacobs
|
0-0: Ball 1-0: Fielders Choice at 2nd, U6 (Groundball, 6M, EV 80.6 MPH)
|
Top of the 2nd over - 1 run, 1 hit, 0 errors, 3 left on base; Vancouver 1 - Idaho Falls 1 |
BOTTOM OF THE 2ND |
Idaho Falls Chukars batting - Pitching for Vancouver Canadians : RHP Humberto Gutierrez
|
Now at 2B: Bobby Valdez
|
|
Now in LF: Roald Jacobs
|
|
Now in CF: Adam Santarelli
|
|
Batting: RHB Kevin Allen
|
0-0: Swinging Strike 0-1: Called Strike 0-2: Ball 1-2: Strikes out swinging
|
Batting: RHB Justin Goff
|
0-0: SINGLE (Groundball, 6MD, EV 100.0 MPH)
|
Batting: RHB Eric Erickson
|
0-0: Ball 1-0: Ball 2-0: Called Strike 2-1: Foul Ball, location: 2F 2-2: Fly out, F3 (Popup, 3F, EV 66.9 MPH)
|
Batting: SHB Sean Hill
|
0-0: Ball 1-0: Called Strike 1-1: Foul Ball, location: 2F 1-2: Ball 2-2: Strikes out swinging
|
Bottom of the 2nd over - 0 runs, 1 hit, 0 errors, 1 left on base; Vancouver 1 - Idaho Falls 1 |
TOP OF THE 3RD |
Vancouver Canadians batting - Pitching for Idaho Falls Chukars : RHP Bryan Kiefer
|
Batting: RHB Michel Martineau
|
0-0: Foul Ball, location: 2F 0-1: Foul Ball, location: 2F 0-2: Ball 1-2: SINGLE (Groundball, 6D, EV 97.5 MPH)
|
Batting: RHB Javier Garcia
|
0-0: Called Strike Michel Martineau steals 2nd base 0-1: Swinging Strike 0-2: Foul Ball, location: 2F 0-2: Foul Ball, location: 2F 0-2: Ball 1-2: Ground out 4-3 (Groundball, 4, EV 102.5 MPH) Michel Martineau to third
|
Batting: LHB Tatsuyuki Yamada
|
0-0: Called Strike 0-1: Ball 1-1: Swinging Strike 1-2: Ball 2-2: Hit by Pitch
|
Pitching: RHP Philip Terrell
|
|
Batting: RHB Lamberto Amicis
|
0-0: Ball Tatsuyuki Yamada steals 2nd base 1-0: Called Strike 1-1: Called Strike 1-2: Ball 2-2: SINGLE (Groundball, 6MD, EV 98.1 MPH) Michel Martineau scores Tatsuyuki Yamada to third Runner from 3rd tries for Home, SAFE, throw by CF to home Lamberto Amicis to second
|
Batting: SHB Scott Robbins
|
0-0: Called Strike Lamberto Amicis steals 3rd base 0-1: Ball 1-1: Ball 2-1: Ball 3-1: Called Strike 3-2: Foul Ball, location: 2F 3-2: Foul Ball, location: 2F 3-2: Strikes out swinging
|
Batting: SHB David Beauchamp
|
0-0: SINGLE (Groundball, 56D, EV 106.2 MPH) Lamberto Amicis scores
|
Batting: LHB Adam Santarelli
|
0-0: Ball 1-0: Called Strike David Beauchamp steals 2nd base 1-1: Ball 2-1: Ball 3-1: Foul Ball, location: 2F 3-2: Foul Ball, location: 2F 3-2: Ground out 1-3 (Groundball, 34S, EV 70.0 MPH)
|
Top of the 3rd over - 3 runs, 3 hits, 0 errors, 1 left on base; Vancouver 4 - Idaho Falls 1 |
BOTTOM OF THE 3RD |
Idaho Falls Chukars batting - Pitching for Vancouver Canadians : RHP Humberto Gutierrez
|
Batting: RHB Timotheus Cooper
|
0-0: Called Strike 0-1: Foul Ball, location: 2F 0-2: Ball 1-2: Ball 2-2: SINGLE (Groundball, 56, EV 108.1 MPH) (infield hit)
|
Batting: SHB Ryoji Hiraoka
|
0-0: Ball 1-0: Ball 2-0: Fly out, F9 (Flyball, 9LM, EV 100.6 MPH)
|
Batting: LHB David Bearden
|
0-0: Ball 1-0: Ball 2-0: Ball 3-0: Base on Balls Timotheus Cooper to second
|
Batting: RHB Ben Minge
|
0-0: Ball 1-0: SINGLE (Line Drive, 89M, EV 106.9 MPH) Timotheus Cooper to third David Bearden to second Runner from 3rd tries for Home, SAFE, throw by RF to home
|
Batting: RHB Edwin Ramos
|
0-0: Swinging Strike 0-1: Called Strike 0-2: Ball 1-2: Ball 2-2: Strikes out swinging
|
Batting: RHB Kevin Allen
|
0-0: Swinging Strike 0-1: Fielders Choice at 2nd, 6-4 (Groundball, 6, EV 78.8 MPH)
|
Bottom of the 3rd over - 1 run, 2 hits, 0 errors, 2 left on base; Vancouver 4 - Idaho Falls 2 |
TOP OF THE 4TH |
Vancouver Canadians batting - Pitching for Idaho Falls Chukars : RHP Philip Terrell
|
Pitching: RHP Gary Ackerman
|
|
Batting: RHB Bobby Valdez
|
0-0: Called Strike 0-1: Ball 1-1: Foul Ball, location: 2F 1-2: Strikes out swinging
|
Batting: LHB Roald Jacobs
|
0-0: Foul Ball, location: 2F 0-1: Swinging Strike 0-2: Strikes out swinging
|
Batting: RHB Michel Martineau
|
0-0: Foul Ball, location: 2F 0-1: Swinging Strike 0-2: Strikes out swinging
|
Top of the 4th over - 0 runs, 0 hits, 0 errors, 0 left on base; Vancouver 4 - Idaho Falls 2 |
BOTTOM OF THE 4TH |
Idaho Falls Chukars batting - Pitching for Vancouver Canadians : RHP Humberto Gutierrez
|
Batting: RHB Justin Goff
|
0-0: Swinging Strike 0-1: Foul Ball, location: 2F 0-2: Strikes out looking
|
Batting: RHB Eric Erickson
|
0-0: Called Strike 0-1: Ball 1-1: SINGLE (Line Drive, 8RS, EV 93.1 MPH)
|
Batting: SHB Sean Hill
|
0-0: Called Strike Eric Erickson steals 2nd base (no throw) 0-1: Ball 1-1: Ball 2-1: Foul Ball, location: 2F 2-2: Strikes out looking
|
Batting: RHB Timotheus Cooper
|
0-0: Fly out, F8 (Flyball, 8LXD, EV 88.1 MPH)
|
Bottom of the 4th over - 0 runs, 1 hit, 0 errors, 1 left on base; Vancouver 4 - Idaho Falls 2 |
TOP OF THE 5TH |
Vancouver Canadians batting - Pitching for Idaho Falls Chukars : RHP Gary Ackerman
|
Batting: RHB Javier Garcia
|
0-0: Ball 1-0: Swinging Strike 1-1: Fly out, F8 (Flyball, 8RS, EV 85.0 MPH)
|
Batting: LHB Tatsuyuki Yamada
|
0-0: Called Strike 0-1: Swinging Strike 0-2: Ball 1-2: Strikes out swinging
|
Batting: RHB Lamberto Amicis
|
0-0: Ball 1-0: Ball 2-0: Ball 3-0: Called Strike 3-1: Base on Balls
|
Pitching: RHP Mike Tuck
|
|
Batting: SHB Scott Robbins
|
0-0: Called Strike 0-1: Ball 1-1: Called Strike 1-2: SINGLE (Line Drive, 9S, EV 96.9 MPH) Lamberto Amicis to second Runner from 2nd tries for 3rd, SAFE, throw by RF made to third
|
Batting: SHB David Beauchamp
|
0-0: Called Strike 0-1: Swinging Strike 0-2: Ball 1-2: Ball 2-2: Ball 3-2: SINGLE (Groundball, 4M, EV 105.0 MPH) (infield hit) Lamberto Amicis scores Scott Robbins to second
|
Batting: LHB Adam Santarelli
|
0-0: Ball 1-0: Foul Ball, location: 2F 1-1: Swinging Strike 1-2: Ball 2-2: Ball 3-2: Foul Ball, location: 2F 3-2: Base on Balls Scott Robbins to third David Beauchamp to second
|
Batting: RHB Bobby Valdez
|
0-0: Ball 1-0: Ball 2-0: SINGLE (Line Drive, 6D, EV 98.8 MPH) Scott Robbins scores David Beauchamp to third Adam Santarelli to second
|
Pitching: RHP Howie Seidler
|
|
Batting: LHB Roald Jacobs
|
0-0: Called Strike 0-1: Ground out 4-3 (Groundball, 4D, EV 104.4 MPH)
|
Top of the 5th over - 2 runs, 3 hits, 0 errors, 3 left on base; Vancouver 6 - Idaho Falls 2 |
BOTTOM OF THE 5TH |
Idaho Falls Chukars batting - Pitching for Vancouver Canadians : RHP Humberto Gutierrez
|
Batting: SHB Ryoji Hiraoka
|
0-0: Called Strike 0-1: Foul Ball, location: 2F 0-2: Ball 1-2: Ball 2-2: Foul Ball, location: 2F 2-2: Foul Ball, location: 2F 2-2: Ball 3-2: Foul Ball, location: 2F 3-2: Foul Ball, location: 2F 3-2: Base on Balls
|
Batting: LHB David Bearden
|
0-0: Ball Ryoji Hiraoka steals 2nd base 1-0: Ground out 1-3 (Groundball, 34S, EV 66.2 MPH) Ryoji Hiraoka to third
|
Batting: RHB Ben Minge
|
0-0: Called Strike 0-1: Foul Ball, location: 2F 0-2: Strikes out swinging
|
Batting: RHB Edwin Ramos
|
0-0: Called Strike 0-1: Called Strike 0-2: Ball 1-2: Ground out 4-3 (Groundball, 4MD, EV 78.1 MPH)
|
Bottom of the 5th over - 0 runs, 0 hits, 0 errors, 1 left on base; Vancouver 6 - Idaho Falls 2 |
TOP OF THE 6TH |
Vancouver Canadians batting - Pitching for Idaho Falls Chukars : RHP Howie Seidler
|
Batting: RHB Michel Martineau
|
0-0: Called Strike 0-1: Foul Ball, location: 2F 0-2: Ball 1-2: Foul Ball, location: 2F 1-2: Ball 2-2: Ball 3-2: Foul Ball, location: 2F 3-2: SINGLE (Line Drive, 9LS, EV 106.9 MPH)
|
Batting: RHB Javier Garcia
|
0-0: Ball Michel Martineau steals 2nd base 1-0: Fly out, F8 (Flyball, 8RS, EV 88.8 MPH)
|
Batting: LHB Tatsuyuki Yamada
|
0-0: Called Strike Michel Martineau steals 3rd base 0-1: Ball 1-1: Ball 2-1: TRIPLE (Flyball, 89XD, EV 93.8 MPH) Michel Martineau scores
|
Batting: RHB Lamberto Amicis
|
0-0: Ball 1-0: SINGLE (Groundball, 6M, EV 107.5 MPH) (infield hit) Tatsuyuki Yamada scores
|
Batting: SHB Scott Robbins
|
0-0: Ball 1-0: Ball Lamberto Amicis steals 2nd base (no throw) 2-0: Ball 3-0: Base on Balls
|
Batting: SHB David Beauchamp
|
0-0: Ball Lamberto Amicis steals 3rd base 1-0: Called Strike 1-1: Ball Wild Pitch! Lamberto Amicis scores Scott Robbins to second 2-1: SINGLE (Groundball, 34D, EV 108.1 MPH) Scott Robbins to third Runner from 3rd tries for Home, SAFE, throw by RF to home
|
Batting: LHB Adam Santarelli
|
0-0: Ball David Beauchamp steals 2nd base 1-0: Foul Ball, location: 2F 1-1: Ball 2-1: Ball 3-1: Base on Balls
|
Batting: RHB Bobby Valdez
|
0-0: Called Strike 0-1: DOUBLE (Line Drive, 3D, EV 97.5 MPH) David Beauchamp scores Adam Santarelli to third
|
Batting: LHB Roald Jacobs
|
0-0: Ball 1-0: Ball 2-0: Ball 3-0: Called Strike 3-1: Base on Balls
|
Batting: RHB Michel Martineau
|
0-0: Ball 1-0: Ball 2-0: Foul Ball, location: 2F 2-1: Ball 3-1: Called Strike 3-2: Base on Balls Adam Santarelli scores Bobby Valdez to third Roald Jacobs to second
|
Pitching: LHP Josh Dalton
|
|
Batting: RHB Javier Garcia
|
0-0: Foul Ball, location: 2F 0-1: Ball 1-1: Fly out, F8 (Line Drive, 8LD, EV 87.5 MPH) Runner from 3rd tags up, SCORES, throw by CF
|
Pinch Hitting: RHB Danny Loyola
|
0-0: Called Strike 0-1: Swinging Strike 0-2: SINGLE (Line Drive, 56D, EV 94.4 MPH) Roald Jacobs to third Michel Martineau to second Runner from 3rd tries for Home, SAFE, throw by LF to home
|
Batting: RHB Lamberto Amicis
|
0-0: Called Strike 0-1: Called Strike 0-2: Foul Ball, location: 2F 0-2: Ball Wild Pitch! Michel Martineau to third Danny Loyola to second 1-2: Ball 2-2: Foul Ball, location: 2F 2-2: Strikes out swinging
|
Top of the 6th over - 8 runs, 6 hits, 0 errors, 2 left on base; Vancouver 14 - Idaho Falls 2 |
BOTTOM OF THE 6TH |
Idaho Falls Chukars batting - Pitching for Vancouver Canadians : RHP Humberto Gutierrez
|
Now at 1B: Reed Ryan
|
|
Batting: RHB Kevin Allen
|
0-0: Ball 1-0: Called Strike 1-1: Ball 2-1: Foul Ball, location: 2F 2-2: Ball 3-2: Foul Ball, location: 2F 3-2: Base on Balls
|
Batting: RHB Justin Goff
|
0-0: Foul Ball, location: 2F 0-1: Ball 1-1: Called Strike 1-2: Fly out, F8 (Flyball, 8RXD, EV 90.6 MPH)
|
Batting: RHB Eric Erickson
|
0-0: Ball 1-0: Ball 2-0: Fly out, F9 (Flyball, 9LS, EV 82.5 MPH)
|
Batting: SHB Sean Hill
|
0-0: Ball Kevin Allen steals 2nd base 1-0: Hit by Pitch
|
Batting: RHB Timotheus Cooper
|
0-0: Called Strike 0-1: Fly out, F7 (Flyball, 78D, EV 101.9 MPH)
|
Bottom of the 6th over - 0 runs, 0 hits, 0 errors, 2 left on base; Vancouver 14 - Idaho Falls 2 |
TOP OF THE 7TH |
Vancouver Canadians batting - Pitching for Idaho Falls Chukars : LHP Josh Dalton
|
Batting: SHB Scott Robbins
|
0-0: Called Strike 0-1: Ball 1-1: Ball 2-1: Called Strike 2-2: Ball 3-2: Base on Balls
|
Batting: SHB David Beauchamp
|
0-0: Ball 1-0: Ball 2-0: Ball 3-0: Base on Balls Scott Robbins to second
|
Batting: LHB Adam Santarelli
|
0-0: Ball 1-0: Swinging Strike 1-1: Called Strike 1-2: Strikes out swinging
|
Batting: RHB Bobby Valdez
|
0-0: Called Strike 0-1: Swinging Strike 0-2: Ball 1-2: Hit by Pitch Scott Robbins to third David Beauchamp to second
|
Pinch Hitting: RHB Cesar Chavez
|
0-0: Ball Wild Pitch! Scott Robbins scores David Beauchamp to third Bobby Valdez to second 1-0: Ball 2-0: Ball 3-0: Base on Balls
|
Batting: RHB Michel Martineau
|
0-0: Ball 1-0: Ball 2-0: Ball Wild Pitch! David Beauchamp scores Bobby Valdez to third Cesar Chavez to second 3-0: Base on Balls
|
Pinch Hitting: RHB Bill Hunt
|
0-0: Ball 1-0: Ball Wild Pitch! Bobby Valdez scores Cesar Chavez to third Michel Martineau to second 2-0: Ball 3-0: Base on Balls
|
Pitching: LHP Randy Stapleton
|
|
Batting: RHB Reed Ryan
|
0-0: Called Strike Balk! Cesar Chavez scores Michel Martineau to third Bill Hunt to second 0-1: Swinging Strike 0-2: Ball 1-2: Strikes out swinging
|
Pinch Hitting: RHB Cesar Ortega
|
0-0: Ball 1-0: Swinging Strike 1-1: Called Strike 1-2: Ball 2-2: Foul Ball, location: 2F 2-2: Ball 3-2: Foul Ball, location: 2F 3-2: 3-RUN HOME RUN (Flyball, 78XD, EV 104.4 MPH), Distance : 407 ft
|
Batting: SHB Scott Robbins
|
0-0: Foul Ball, location: 2F 0-1: Ground out 4-3 (Groundball, 4, EV 105.6 MPH)
|
Top of the 7th over - 7 runs, 1 hit, 0 errors, 0 left on base; Vancouver 21 - Idaho Falls 2 |
BOTTOM OF THE 7TH |
Idaho Falls Chukars batting - Pitching for Vancouver Canadians : RHP Humberto Gutierrez
|
Pitching: RHP Dave August
|
|
Now at 3B: Cesar Ortega
|
|
Now at SS: Bill Hunt
|
|
Now in LF: Jose Garate
|
|
Batting: SHB Ryoji Hiraoka
|
0-0: Called Strike 0-1: Called Strike 0-2: Foul Ball, location: 2F 0-2: Strikes out swinging
|
Batting: LHB David Bearden
|
0-0: Called Strike 0-1: Ball 1-1: Ball 2-1: Ground out U3 (Groundball, 3L, EV 84.4 MPH)
|
Batting: RHB Ben Minge
|
0-0: Ball 1-0: Ball 2-0: Called Strike 2-1: Swinging Strike 2-2: Ball 3-2: Foul Ball, location: 2F 3-2: Strikes out looking
|
Bottom of the 7th over - 0 runs, 0 hits, 0 errors, 0 left on base; Vancouver 21 - Idaho Falls 2 |
TOP OF THE 8TH |
Vancouver Canadians batting - Pitching for Idaho Falls Chukars : LHP Randy Stapleton
|
Batting: SHB David Beauchamp
|
0-0: Ground out 5-3 (Groundball, 56, EV 83.1 MPH)
|
Batting: LHB Adam Santarelli
|
0-0: Called Strike 0-1: Ball 1-1: Foul Ball, location: 2F 1-2: Fly out, F9 (Flyball, 9S, EV 95.6 MPH)
|
Batting: RHB Bobby Valdez
|
0-0: Called Strike 0-1: Swinging Strike 0-2: Fly out, F8 (Line Drive, 8LM, EV 90.6 MPH)
|
Top of the 8th over - 0 runs, 0 hits, 0 errors, 0 left on base; Vancouver 21 - Idaho Falls 2 |
BOTTOM OF THE 8TH |
Idaho Falls Chukars batting - Pitching for Vancouver Canadians : RHP Dave August
|
Batting: RHB Edwin Ramos
|
0-0: Swinging Strike 0-1: Called Strike 0-2: Strikes out swinging
|
Batting: RHB Kevin Allen
|
0-0: Called Strike 0-1: Ball 1-1: Foul Ball, location: 2F 1-2: Strikes out swinging
|
Batting: RHB Justin Goff
|
0-0: Ball 1-0: Called Strike 1-1: SINGLE (Flyball, 8RS, EV 93.1 MPH)
|
Pinch Hitting: RHB Chad Sullivan
|
0-0: Swinging Strike 0-1: Ball 1-1: Ball 2-1: Foul Ball, location: 2F 2-2: Foul Ball, location: 2F 2-2: Ball 3-2: Fly out, F7 (Flyball, 7LM, EV 88.8 MPH)
|
Bottom of the 8th over - 0 runs, 1 hit, 0 errors, 1 left on base; Vancouver 21 - Idaho Falls 2 |
TOP OF THE 9TH |
Vancouver Canadians batting - Pitching for Idaho Falls Chukars : LHP Randy Stapleton
|
Now in CF: Chad Sullivan
|
|
Pinch Hitting: RHB Brandon Lemay
|
0-0: Called Strike 0-1: Ground out U3 (Groundball, 3S, EV 81.2 MPH)
|
Batting: RHB Michel Martineau
|
0-0: Called Strike 0-1: Foul Ball, location: 2F 0-2: Ball 1-2: Ball 2-2: Ball 3-2: Foul Ball, location: 2F 3-2: Base on Balls
|
Batting: RHB Bill Hunt
|
0-0: Called Strike 0-1: Ball 1-1: Fielders Choice at 2nd, 6-4 (Groundball, 6M, EV 81.9 MPH)
|
Batting: RHB Reed Ryan
|
0-0: Foul Ball, location: 2F 0-1: Ball 1-1: Ball 2-1: Called Strike 2-2: Fly out, F6 (Popup, 6MD, EV 65.0 MPH)
|
Top of the 9th over - 0 runs, 0 hits, 0 errors, 1 left on base; Vancouver 21 - Idaho Falls 2 |
BOTTOM OF THE 9TH |
Idaho Falls Chukars batting - Pitching for Vancouver Canadians : RHP Dave August
|
Now in LF: Brandon Lemay
|
|
Batting: SHB Sean Hill
|
0-0: Called Strike 0-1: Ball 1-1: Ball 2-1: Foul Ball, location: 2F 2-2: Strikes out swinging
|
Batting: RHB Timotheus Cooper
|
0-0: Swinging Strike 0-1: Ball 1-1: Swinging Strike 1-2: Ball 2-2: Ground out 6-3 (Groundball, 6, EV 81.9 MPH)
|
Pinch Hitting: RHB Adam Krieger
|
0-0: Called Strike 0-1: Called Strike 0-2: Ball 1-2: Strikes out swinging
|
Bottom of the 9th over - 0 runs, 0 hits, 0 errors, 0 left on base; Vancouver 21 - Idaho Falls 2 |
|